 Dungeon Crawl Stone Soup version 0.20-a0-947-g2784f4f (webtiles) character file.

3 M4edhros the Grave Robber (level 1, -1/11 HPs)
             Began as an Octopode Necromancer on Apr 3, 2017.
             Slain by a kobold
             ... wielding a +0 short sword
              (3 damage)
             ... on level 1 of the Dungeon.
             The game lasted 00:00:25 (98 turns).

M4edhros the Grave Robber (Octopode Necromancer)      Turns: 98, Time: 00:00:25

Health: -1/11      AC:  1    Str:  7    XL:     1   Next: 50%
Magic:  2/3        EV: 13    Int: 17    God:
Gold:   0          SH:  0    Dex: 12    Spells: 2/4 levels left

rFire    . . .     SeeInvis .     - Unarmed
rCold    . . .     Gourm    .   (no shield)
rNeg     . . .     Faith    .   (helmet restricted)
rPois    .         Spirit   .   (no amulet)
rElec    .         Reflect  .   (no ring)
rCorr    .         Harm     .   (no ring)
MR       .....                  (no ring)
Stlth    +++.......             (no ring)
Regen    0.1/turn               (no ring)
MPRegen  0.1/turn               (no ring)
                                (no ring)
                                (no ring)

@: no status effects
A: almost no armour, stealthy swim, amphibious, 8 rings, constrict 8, camouflage
1, gelatinous body 1
a: no special abilities


You were on level 1 of the Dungeon.
You were not hungry.

You visited 1 branch of the dungeon, and saw 1 of its levels.

Inventory:

Books
 a - a book of Necromancy

   Spells                             Type                      Level
   a - Pain                           Necromancy                   1
   b - Animate Skeleton               Necromancy                   1
   c - Vampiric Draining              Necromancy                   3
   d - Regeneration                   Charms/Necromancy            3
   e - Animate Dead                   Necromancy                   4
   f - Control Undead                 Necromancy                   4
Comestibles
 b - 2 bread rations
 c - a chunk of flesh


   Skills:
 - Level 2.0 Dodging
 - Level 2.6 Stealth
 + Level 1.0 Unarmed Combat
 - Level 2.0 Spellcasting
 - Level 4.0 Necromancy


You had 2 spell levels left.
You knew the following spells:

 Your Spells              Type           Power        Failure   Level  Hunger
a - Pain                  Necr           ###.         3%          1    #......
b - Animate Skeleton      Necr           N/A          3%          1    #......


Dungeon Overview and Level Annotations

Branches:
Dungeon (1/15)

Altars:


Innate Abilities, Weirdness & Mutations

You cannot wear most types of armour.
You are very stealthy in the water. (Stealth+)
You are amphibious.
You can wear up to eight rings at the same time.
You can use your tentacles to constrict eight enemies at once.
Your skin changes colour to match your surroundings (Stealth+).
Your rubbery body absorbs attacks. (AC +1, EV +1)


Message History

You see here a frilled lizard corpse.
Cast which spell? (? or * to list)
You attempt to give life to the dead...
Before your eyes, flesh is ripped from the corpse!
The dead are walking!
c - a chunk of flesh A hobgoblin and a kobold come into view.
The hobgoblin moves out of view.
Found a stone staircase leading down.
Found a meat ration.
The helpless kobold fails to defend itself.
You tentacle-slap the kobold but do no damage.
You grab the kobold. You constrict the kobold.
The kobold hits you with a short sword.
* * * LOW HITPOINT WARNING * * *
You tentacle-slap the kobold but do no damage.
You squeeze the kobold, but do no damage.
The kobold is moderately wounded.
You constrict the kobold. The kobold hits you with a short sword.
You die...

#. #.# ######## #.#
... ... #.#.#.. ..#
# #>#.#.# #.#.#
..####..#..####.#.#
.......###........#
#.Z.#..####.###
#.@#.#.# #.#
#K.#.#.# #.#
#..#.#.# #.#
...#.#.# #.#
g#.##.#.# #.# ....
#.#.# #.####### ##
.. #.#.# #........
.%. #.#.# ########.
#.# #.


You could see a hobgoblin, a kobold and a friendly frilled lizard skeleton.

Vanquished Creatures
  2 jackals (D:1)
  A frilled lizard (D:1)
3 creatures vanquished.

Notes
Turn   | Place    | Note
-------+----------+-------------------------------------------
     0 | D:1      | M4edhros the Octopode Necromancer began the quest for the Orb.
     0 | D:1      | Reached XP level 1. HP: 11/11 MP: 3/3
    80 | D:1      | Reached skill level 1 in Unarmed Combat
    89 | D:1      | Learned a level 1 spell: Animate Skeleton
    98 | D:1      | Slain by a kobold

Vault maps used:
D:1:      dpeg_arrival_arbitrary_c, fountainhead, st_stairs_8

Skill      XL: |  1 |
---------------+----+-----
Unarmed Combat | 1 |  1.0
Dodging        | |  2.0
Stealth        | |  2.6
Spellcasting   | |  2.0
Necromancy     | |  4.0

Action                   || total
-------------------------++-------
Melee: Unarmed           ||    11
       Constrict         ||     3
       Tentacles         ||     2
 Cast: Animate Skeleton  ||     1
 Stab: Sleeping          ||     3
Dodge: Dodged            ||     3
